 Seeded DCSS version 0.30-a0-540-g0af01429fa (webtiles) character file.

Game seed: 7699610741405272615 (custom seed)

171 purpskrrrp the Sneak (level 5, -4/31 HPs)
             Began as a Vampire Brigand on Dec 25, 2022.
             Slain by Pikel
             ... wielding a +1 whip of flaming
              (10 damage)
             ... on level 3 of the Dungeon.
             The game lasted 00:04:29 (3033 turns).

purpskrrrp the Sneak (Vampire Brigand)              Turns: 3033, Time: 00:04:29

Health: -4/31      AC:  3    Str: 10    XL:     5   Next: 26%
Magic:  5/5        EV: 13    Int: 14    God:
Gold:   161        SH:  0    Dex: 17    Spells: 4/4 levels left

rFire   + . .      SeeInvis +    f - +2 whip (venom)
rCold   + + +      Faith    .    (no shield)
rNeg    + + +      Spirit   .    b - +0 robe
rPois   ∞          Reflect  .    (no helmet)
rElec   .          Harm     .    v - scarf {rC+ rF+}
rCorr   .          Rampage  .    w - +0 pair of gloves
Will    .....                    (no boots)
Stlth   ++++++                   (no amulet)
HPRegen 0.00/turn                (no ring)
MPRegen 0.09/turn                (no ring)

@: bloodless, inhibited regen
A: bloodless, fangs 3, see invisible, vampiric 2
a: Bat Form, Revivify


You were on level 3 of the Dungeon.
You visited 1 branch of the dungeon, and saw 4 of its levels.

You collected 161 gold pieces.

Inventory:

Hand Weapons
 a - a +3 dagger
 f - a +2 whip of venom (weapon)
Missiles
 m - 6 boomerangs (quivered)
 n - 2 javelins
 t - a curare-tipped dart
Armour
 b - a +0 robe (worn)
 c - a +0 cloak
 v - a scarf of resistance (worn)
 w - a +0 pair of gloves (worn)
Jewellery
 d - a ring of poison resistance
 q - a +4 ring of evasion
Scrolls
 g - a scroll of poison
 j - a scroll of blinking
 l - a scroll of identify
Potions
 e - a potion of mutation {unknown}
 h - 2 potions of brilliance {unknown}
 k - a potion of curing
 r - 4 potions of degeneration


   Skills:
 + Level 2.6 Fighting
 + Level 3.3 Short Blades
 - Level 1.5 Throwing
 * Level 3.0 Dodging
 * Level 7.5 Stealth


You had 4 spell levels left.
You didn't know any spells.
Your spell library contained the following spells:

 Spells                   Type           Power      Damage    Failure   Level
 Shock                    Conj/Air       0%         1d3       28%         1
 Gell's Gravitas          Tloc           0%         N/A       65%         3
 Swiftness                Air            0%         N/A       65%         3
 Teleport Other           Tloc           0%         N/A       65%         3
 Airstrike                Air            0%         2d(0-16)  96%         4
 Dispersal                Tloc           0%         N/A       100%        6


Dungeon Overview and Level Annotations

Branches:
Dungeon (4/15)
 Temple: D:4-7

Altars:
Gozag

Shops:
D:2 :

Annotations:
D:3 Pikel


Innate Abilities, Weirdness & Mutations

You do not regenerate when monsters are visible.
You are frail without blood (-20% HP).
You can heal yourself when you bite living creatures.
You are immune to poison.
You have razor-sharp teeth.
You have supernaturally acute eyesight. (SInv)
You are afflicted with vampirism and can become a bat while bloodless.


Message History

Done waiting.
Things that are here:
a +0 falchion; a +0 leather armour
There is a stone staircase leading down here.
There is a stone staircase leading down here.
You climb downwards.
There is a stone staircase leading up here.
You throw a boomerang.
The boomerang closely misses the hobgoblin.
The hobgoblin shouts!
You hear a shout!
The lemure shouts!
You hear a shout!
A lemure comes into view. x2
You hit the hobgoblin.
The hobgoblin is lightly wounded.
The hobgoblin hits you.
You hit the hobgoblin but do no damage.
The hobgoblin is poisoned.
The hobgoblin is lightly wounded.
The hobgoblin barely misses you.
You hit the hobgoblin.
The hobgoblin looks as sick as possible!
The hobgoblin is almost dead.
You kill the hobgoblin!
Pikel hits you with a +1 whip of flaming!
Pikel burns you.
You climb upwards.
There is a stone staircase leading down here.
You hit Pikel.
Pikel is lightly wounded.
Pikel hits you with a +1 whip of flaming. x2
You hit Pikel but do no damage.
Pikel is poisoned.
Pikel is lightly wounded.
Pikel closely misses you.
You barely miss Pikel. Your punch misses Pikel.
You bite Pikel, but do no damage.
Pikel is lightly wounded.
Pikel hits you with a +1 whip of flaming.
* * * LOW HITPOINT WARNING * * *
You hit Pikel but do no damage.
Pikel looks as sick as possible!
Pikel is lightly wounded.
Pikel hits you with a +1 whip of flaming!
You die...

#..........# #.##.##.##.####
##### ####.##.##.......#
#...####.......##..#.##.# ####
#.........#.#####..#.##.#
...###...####.##.#####..#.##.#
.#..).....# ####<.......#.##.#
...####.#.#############.#.##.#
...#.......##...@.# ###......#
.....##.#..##...K.# #.....####
.#...##.#.........# #.###.#
.....##..#.##.....# #.# #.#
...#.###.#.#......# #.###.#
####.......#.####.# #.....#
####...##.####.# ###.###
#........##.# #.#
#...##.#.##.# #.#


You could see Pikel (extremely poisoned).

Vanquished Creatures
  A phantom (D:3)
  A gnoll (D:1)
  A worm (D:3)
  3 dart slugs
  An orc (D:3)
  5 bats
  4 endoplasms
  5 giant cockroaches
  8 goblins
  5 hobgoblins
  9 jackals
  2 quokkas
  8 ball pythons
  6 frilled lizards
  3 kobolds (D:1)
  5 rats
67 creatures vanquished.

Notes
Turn   | Place    | Note
-------+----------+-------------------------------------------
     0 | D:1      | purpskrrrp the Vampire Brigand began the quest for the Orb.
     0 | D:1      | Reached XP level 1. HP: 16/16 MP: 1/1
    41 | D:1      | Reached skill level 6 in Stealth
    83 | D:1      | Reached XP level 2. HP: 17/17 MP: 2/2
   305 | D:1      | Gained mutation: You are afflicted with vampirism and can
                  | become a bat while bloodless. [Vampire growth]
   305 | D:1      | Reached XP level 3. HP: 21/21 MP: 3/3
   882 | D:2      | Found Ekkian's Book Shoppe.
  1157 | D:2      | Reached XP level 4. HP: 26/27 MP: 4/4
  1742 | D:3      | Noticed a phantom
  1768 | D:3      | Killed a phantom
  1769 | D:3      | Reached skill level 7 in Stealth
  1769 | D:3      | Reached XP level 5. HP: 2/31 MP: 5/5
  2561 | D:3      | Found an opulent altar of Gozag.
  3023 | D:4      | Noticed Pikel
  3023 | D:4      | Noticed a lemure
  3023 | D:4      | Noticed a lemure
  3024 | D:4      | Noticed a lemure
  3024 | D:4      | Noticed a lemure
  3033 | D:3      | Slain by Pikel

Illustrated notes

Levels and vault maps discovered:
D:1:      mushboom_english_gardens, layout_rooms
D:2:      layout_basic, serial_shops, nicolae_shop_hallway_plus, chequers_garden
D:3:      layout_loops_cross, lemuel_round_altar
D:4:      kennysheep_goblin_castle, layout_cave_pools,
          minmay_temple_entry_slanted, uniq_pikel

Skill      XL: |  1  2  3  4  5 |
---------------+----------------+-----
Stealth        | 6 7 |  7.5
Fighting       | 2 |  2.6
Dodging        | 2 3 |  3.0
Short Blades   | 3 |  3.3
Throwing       | |  1.5

Action                   |  1- 3 |  4- 6 || total
-------------------------+-------+-------++-------
Melee: Dagger            |    23 |       ||    23
       Bite              |     4 |     3 ||     7
       Whip              |    30 |    53 ||    83
       Punch             |     1 |       ||     1
Throw: Dart              |    90 |    21 ||   111
       Boomerang         |       |     8 ||     8
 Abil: Exsanguinate      |     1 |       ||     1
  Use: Scroll            |       |    11 ||    11
       Potion            |       |     2 ||     2
 Stab: Sleeping          |       |     1 ||     1
Armor: Robe              |     7 |    11 ||    18
Dodge: Dodged            |    38 |    27 ||    65

Table legend: (Time is in decaauts)
 A = Elapsed time spent in this place.
 B = Non-inter-level travel time spent in this place.
 C = Inter-level travel time spent in this place.
 D = Time resting spent in this place.
 E = Time spent auto-exploring this place.
 F = Levels seen in this place.
 G = Mean time per level.
                   A        B        C        D        E       F      G
               +--------+--------+--------+--------+--------+-----+--------+
         Total |   3031 |   2851 |    180 |    510 |   1883 |   4 |  757.8 |
       Dungeon |   3031 |   2851 |    180 |    510 |   1883 |   4 |  757.8 |
               +--------+--------+--------+--------+--------+-----+--------+

Top non-repeatable levels by time:
     D:3: 1362 daAuts
     D:2: 826 daAuts
     D:1: 798 daAuts
     D:4: 44 daAuts
